[Event "Superbet Blitz GCT 2019"]
[Site "Bucharest"]
[Date "2019.11.09"]
[Round "2"]
[White "Aronian, Levon"]
[Black "Korobov, Anton"]
[Result "1/2-1/2"]
[ECO "D46"]
[WhiteElo "2772"]
[BlackElo "2670"]
[Annotator "RC"]
[PlyCount "80"]
[EventDate "2019.11.09"]
[EventType "tourn"]
[EventCountry "ROU"]
[SourceTitle "playchess.com"]
[Source "ChessBase"]
[SourceQuality "1"]
[TimeMode "Bronstein"]
[TimeControl "300+3"]

1. d4 d5 2. c4 c6 3. Nf3 Nf6 4. Nc3 e6 5. e3 Nbd7 6. Qc2 Bd6 7. Bd3 O-O 8. O-O dxc4 9. Bxc4 b5 10. Be2 Bb7 11. Rd1 Qc7 12. h3 Rfe8 13. Nd2 a6 14. Nce4 c5 15. Nxd6 Qxd6 16. dxc5 Qxc5 17. Qxc5 Nxc5 18. b3 Red8 19. Ba3 Nd3 20. Nb1 Ne5 21. Nc3 Rac8 22. Rac1 h6 23. f3 Rxd1+ 24. Nxd1 Rd8 25. Bb4 Nd3 26. Bxd3 Rxd3 27. Kf2 Rd7 28. e4 Nh5 29. Nb2 f5 30. exf5 exf5 31. Rd1 Rxd1 32. Nxd1 Nf4 33. Nb2 Kf7 34. Bd2 Ne6 35. Nd3 g5 36. h4 f4 37. Ne5+ Kf6 38. Ng4+ Kg6 39. Ne5+ Kf6 40. Ng4+ Kg6 1/2-1/2

[Event "Superbet Blitz GCT 2019"]
[Site "Bucharest"]
[Date "2019.11.09"]
[Round "4"]
[White "Artemiev, Vladislav"]
[Black "Korobov, Anton"]
[Result "1/2-1/2"]
[ECO "B50"]
[WhiteElo "2731"]
[BlackElo "2670"]
[Annotator "RC"]
[PlyCount "135"]
[EventDate "2019.11.09"]
[EventType "tourn"]
[EventCountry "ROU"]
[SourceTitle "playchess.com"]
[Source "ChessBase"]
[SourceQuality "1"]
[TimeMode "Bronstein"]
[TimeControl "300+3"]

1. e4 c5 2. Nf3 d6 3. Nc3 Nf6 4. e5 dxe5 5. Nxe5 Nbd7 6. Nc4 e6 7. g3 Rb8 8. a4 Be7 9. Bg2 O-O 10. O-O b6 11. d3 Bb7 12. Bf4 Bxg2 13. Kxg2 Rc8 14. Qf3 Nb8 15. Bxb8 Rxb8 16. Nb5 a6 17. Na7 Qc7 18. Nc6 Rbe8 19. Rfe1 Nd5 20. Nxe7+ Rxe7 21. c3 Rd8 22. Red1 h6 23. d4 b5 24. axb5 axb5 25. Ne5 cxd4 26. cxd4 Qb7 27. Rdc1 Nb4 28. Qxb7 Rxb7 29. Nf3 f6 30. b3 Kf7 31. Rc5 Nd5 32. Ra5 b4 33. Ra6 Nc3 34. Rac6 Rdd7 35. Rc8 Nb5 36. d5 exd5 37. h4 d4 38. Rc2 d3 39. Rd2 Nd6 40. Rc6 Ne4 41. Rd1 Rd5 42. Rc4 f5 43. Nd2 Nxd2 44. Rxd2 g5 45. Rc6 Kg7 46. h5 Re7 47. Kf1 f4 48. Rg6+ Kh7 49. gxf4 gxf4 50. Rf6 Re4 51. Rf7+ Kg8 52. Rc7 f3 53. Ra2 Re8 54. Raa7 Rg5 55. Re7 Rxe7 56. Rxe7 Rxh5 57. Ke1 Rh1+ 58. Kd2 Rb1 59. Kxd3 Rxb3+ 60. Ke4 Rc3 61. Rb7 Rb3 62. Kf4 Kf8 63. Ke4 Ke8 64. Rh7 Rc3 65. Rb7 b3 66. Kd4 Rc2 67. Rxb3 Rxf2 68. Ke4 1/2-1/2

[Event "Superbet Blitz GCT 2019"]
[Site "Bucharest"]
[Date "2019.11.09"]
[Round "9"]
[White "Anand, Viswanathan"]
[Black "Giri, Anish"]
[Result "1/2-1/2"]
[ECO "C54"]
[WhiteElo "2757"]
[BlackElo "2776"]
[Annotator "RC"]
[PlyCount "62"]
[EventDate "2019.11.09"]
[EventType "tourn"]
[EventCountry "ROU"]
[SourceTitle "playchess.com"]
[Source "ChessBase"]
[SourceQuality "1"]
[TimeMode "Bronstein"]
[TimeControl "300+3"]

1. e4 e5 2. Nf3 Nc6 3. Bc4 Nf6 4. d3 Bc5 5. O-O d6 6. c3 a6 7. a4 Ba7 8. Re1 O-O 9. h3 Re8 10. Nbd2 Be6 11. Bxe6 Rxe6 12. b4 d5 13. Bb2 Nh5 14. b5 Nf4 15. bxc6 Rg6 16. d4 Rxg2+ 17. Kh1 Qc8 18. Ng1 Rxf2 19. Rf1 Nxh3 20. Qh5 Nf4 21. Qxe5 Nd3 22. Qg5 Rxf1 23. Rxf1 Nxb2 24. Qxd5 bxc6 25. Qxf7+ Kh8 26. Ndf3 Nxa4 27. Ne5 Qe8 28. Qc4 Nb6 29. Nf7+ Kg8 30. Nh6+ Kh8 31. Nf7+ Kg8 1/2-1/2

[Event "Superbet Blitz GCT 2019"]
[Site "Bucharest"]
[Date "2019.11.10"]
[Round "12"]
[White "Aronian, Levon"]
[Black "Le, Quang Liem"]
[Result "1-0"]
[ECO "A36"]
[WhiteElo "2772"]
[BlackElo "2713"]
[Annotator "ChessBase"]
[PlyCount "123"]
[EventDate "2019.11.09"]
[EventType "tourn"]
[EventCountry "ROU"]
[SourceTitle "playchess.com"]
[Source "ChessBase"]
[SourceQuality "1"]
[TimeMode "Bronstein"]
[TimeControl "300+3"]

1. c4 c5 2. Nc3 Nc6 3. g3 g6 4. Bg2 Bg7 5. d3 e6 6. h4 h6 7. h5 g5 8. f4 d6 9. Bxc6+ bxc6 10. Nf3 g4 11. Nd2 f5 12. Qa4 Ne7 13. Nb3 O-O 14. Bd2 Bd7 15. Qa5 Qb8 16. O-O-O Kh7 17. e4 e5 18. Rhf1 fxe4 19. Nxe4 Nf5 20. fxe5 Bxe5 21. Bf4 Qe8 22. Rde1 Bxf4+ 23. Rxf4 Qd8 24. Qc3 Rf7 25. d4 cxd4 26. Nxd4 Qh8 27. Nxf5 Qxc3+ 28. bxc3 Rxf5 29. Nf6+ Kg7 30. Nxd7 Rxf4 31. gxf4 Kf7 32. c5 Rd8 33. Rg1 Rxd7 34. Rxg4 dxc5 35. Rg6 Rd3 36. Kb2 Rd2+ 37. Ka3 Rd3 38. Kb3 Rf3 39. Rxh6 c4+ 40. Kxc4 Rxf4+ 41. Kc5 Ra4 42. Rxc6 Rxa2 43. c4 a5 44. Ra6 Ke7 45. h6 Rh2 46. h7 Rh5+ 47. Kb6 Kd6 48. c5+ Kd5 49. c6 Kd6 50. Rxa5 Rxh7 51. Ra1 Rh2 52. Rd1+ Ke7 53. c7 Rb2+ 54. Kc6 Rc2+ 55. Kb7 Rb2+ 56. Kc8 Rb4 57. Re1+ Kf7 58. Kd7 Rd4+ 59. Kc6 Rc4+ 60. Kd6 Rc2 61. Re5 Rd2+ 62. Rd5 1-0